 Dungeon Crawl Stone Soup version 0.21-a0-591-g2314aa1 (webtiles) character file.

2 tidbits the Scratcher (level 1, -10/9 HPs)
             Began as a Felid Transmuter on Dec 22, 2017.
             Mangled by a worm (12 damage)
             ... on level 2 of the Dungeon.
             The game lasted 00:00:35 (24 turns).

tidbits the Scratcher (Felid Transmuter)              Turns: 24, Time: 00:00:35

Health: -10/9      AC:  1    Str:  6    XL:     1   Next: 33%
Magic:  3/4        EV: 18    Int: 14    God:
Gold:   0          SH:  0    Dex: 16    Spells: 3/4 levels left
                                        Lives:  0   Deaths: 0

rFire    . . .     SeeInvis +     - Unarmed
rCold    . . .     Gourm    .   (shield unavailable)
rNeg     . . .     Faith    .   (armour unavailable)
rPois    .         Spirit   .   (helmet unavailable)
rElec    .         Reflect  .   (cloak unavailable)
rCorr    .         Harm     .   (gloves unavailable)
MR       .....                  (boots unavailable)
Stlth    ++........             (no amulet)
HPRegen  0.03/turn              (no ring)
MPRegen  0.09/turn              (no ring)

@: appendage (expiring), quick
A: very small, no armour, no weapons or thrown items, stealth, claws 1, fangs 3,
horns 2, see invisible, carnivore, speed 1, shaggy fur 1, slow metabolism 1,
sharp paws
a: End Transformation


You were on level 2 of the Dungeon.
You were not hungry.
You had grown temporary horns.
You visited 1 branch of the dungeon, and saw 2 of its levels.

Inventory:

Missiles
 a - 12 arrows
Scrolls
 d - a scroll of teleportation {unknown}
Books
 b - a book of Changes

   Spells                             Type                      Level
   a - Beastly Appendage              Transmutation                1
   b - Sticks to Snakes               Transmutation                2
   c - Spider Form                    Transmutation/Poison         3
   d - Ice Form                       Ice/Transmutation            4
   e - Blade Hands                    Transmutation                5
Comestibles
 c - a ration


   Skills:
 + Level 1.0 Fighting
 + Level 2.7 Dodging
 + Level 3.0 Unarmed Combat
 + Level 2.0 Spellcasting
 + Level 2.2 Transmutations


You had 3 spell levels left.
You knew the following spells:

 Your Spells              Type           Power        Failure   Level  Hunger
e - Beastly Appendage     Tmut           #.....       10%         1    ##.....


Dungeon Overview and Level Annotations

Branches:
Dungeon (2/15)

Altars:


Innate Abilities, Weirdness & Mutations

You cannot wear armour.
You are incapable of wielding weapons or throwing items.
Your paws allow you to move quietly. (Stealth)
You have sharp claws.
You have razor-sharp teeth.
You have supernaturally acute eyesight. (SInv)
You are carnivorous and can eat meat at any time.
You cover ground quickly.
You are covered in fur. (AC +1)
You have a slow metabolism.
Your sharp claws are effective at attacking unaware monsters.
You have a pair of horns on your head.


Message History

Welcome, tidbits the Felid Transmuter.
The bosom of this dungeon contains the fabled artefact, the Orb of Zot.
Press ? for a list of commands and other information.
Found a robe.
Found an escape hatch in the floor.
Found a staircase leading out of the dungeon.
Found a ring mail.
There is an escape hatch in the floor here.
You slide downwards.
The hatch slams shut behind you.
A goblin comes into view.
Found a scroll labeled NUT QAAGRAUBB and 16 stones.
Casting: Beastly Appendage
Confirm with . or Enter, or press ? or * to list all spells.
You grow a pair of large bovine horns.
The goblin shouts!
Found a hunting sling.
A ball python comes into view.
The ball python hisses angrily.
You scratch the goblin.
You kill the goblin!
Your transformation is almost over.
A worm comes into view.
Found a stone staircase leading up.
Found 2 gold pieces.
You see here a scroll labeled NUT QAAGRAUBB.
d - a scroll labeled NUT QAAGRAUBB You scratch the ball python.
The ball python is moderately wounded.
The ball python completely misses you. The ball python closely misses you.
You closely miss the ball python.
The ball python is moderately wounded.
The ball python bites you. The ball python closely misses you.
You barely miss the ball python. You headbutt the ball python.
You kill the ball python!
Casting: Beastly Appendage
Confirm with . or Enter, or press ? or * to list all spells.
You extend your transformation's duration.
You scratch the worm but do no damage. You scratch the worm. You bite the worm.
The worm is moderately wounded.
The worm bites you.
Ouch! That really hurt!
* * * LOW HITPOINT WARNING * * *
You scratch the worm but do no damage.
The worm is moderately wounded.
The worm closely misses you.
You scratch the worm.
The worm is moderately wounded.
You barely miss the worm.
The worm is moderately wounded.
Your transformation is almost over.
The worm bites you!
Ouch! That really hurt!
You die...

#.......# ....#
#.......# .....
.......######..... .
............).....
..#####...(..........
.....................
..#...#.....†........
....................$
.............@.......
.............w.......
.....................
.........###.........
###....... ..........
...............##...
...........<....# ...
......##+#....... ..


You could see a worm.

Vanquished Creatures
  A ball python (D:2)
  A goblin (D:2)
2 creatures vanquished.

Notes
Turn   | Place    | Note
-------+----------+-------------------------------------------
     0 | D:1      | tidbits the Felid Transmuter began the quest for the Orb.
     0 | D:1      | Reached XP level 1. HP: 9/9 MP: 4/4
    24 | D:2      | Mangled by a worm

Vault maps used:
D:1:      lemuel_arrival_hallway, serial_park_tiny_2, st_stairs_8
D:2:      marbit_many_paths

Action                   || total
-------------------------++-------
Melee: Unarmed           ||     9
       Headbutt          ||     1
       Bite              ||     1
 Cast: Beastly Appendage ||     2
Dodge: Dodged            ||     4

Table legend:
 A = Spawn XP
 B = Non-spawn XP
 C = Spawn XP percentage of total XP
 D = Spawn monster count
 E = Non-spawn monster count
 F = Spawn count percentage of total count
 G = Total turns spent on level
                    A         B        C        D         E        F      G
               +---------+---------+-------+---------+---------+-------+---------
         Total |       0 |       4 |   0.0 |       0 |       2 |   0.0 |    24
               +---------+---------+-------+---------+---------+-------+---------
           D:2 |       0 |       4 |   0.0 |       0 |       2 |   0.0 |    20
               +---------+---------+-------+---------+---------+-------+---------

Table legend:
 A = Turns spent in this place as a percentage of turns spent in the entire game.
 B = Non-inter-level travel turns spent in this place as a percentage of non-inter-level travel turns spent in the entire game.
 C = Inter-level travel turns spent in this place as a percentage of turns spent in this place.
 D = Turns resting spent in this place as a percentage of non-inter-level travel turns spent in this place.
 E = Turns spent auto-exploring this place as a percentage of non-inter-level travel turns spent in this place.
 F = Non-inter-level travel turns spent in this place divided by the number of levels of this place that you've seen.
                   A       B       C       D       E      F
               +-------+-------+-------+-------+-------+----------------------
         Total | 100.0 | 100.0 |   0.0 |   0.0 |   0.0 |  12.0
       Dungeon | 100.0 | 100.0 |   0.0 |   0.0 |   0.0 |  12.0
               +-------+-------+-------+-------+-------+----------------------

Table legend:
 A = Kills in this place as a percentage of kills in entire the game.
 B = Kills by you in this place as a percentage of kills by you in the entire game.
 C = Kills by friends in this place as a percentage of kills by friends in the entire game.
 D = Other kills in this place as a percentage of other kills in the entire game.
 E = Experience gained in this place as a percentage of experience gained in the entire game.
 F = Experience gained in this place divided by the number of levels of this place that you have seen.
                   A       B       C       D       E      F
               +-------+-------+-------+-------+-------+----------------------
         Total | 100.0 | 100.0 |   N/A |   N/A | 100.0 |   2.0
       Dungeon | 100.0 | 100.0 |   N/A |   N/A | 100.0 |   2.0
               +-------+-------+-------+-------+-------+----------------------

Vault maps used:
D:1:      lemuel_arrival_hallway, serial_park_tiny_2, st_stairs_8
D:2:      marbit_many_paths
